 Dungeon Crawl Stone Soup version 0.29.0-4-gdea44cf6ec (webtiles) character file.

Game seed: 11074278143037758408

125 qw the Chopper (level 5, -1/30 HPs)
             Began as a Tengu Warper on Aug 28, 2022.
             Slain by a goblin
             ... wielding a +0 club
             ... led by Robin
              (6 damage)
             ... on level 3 of the Dungeon.
             The game lasted 00:00:12 (1714 turns).

qw the Chopper (Tengu Warper)                       Turns: 1714, Time: 00:00:12

Health: -1/30      AC:  8    Str: 14    XL:     5   Next: 9%
Magic:  9/9        EV:  7    Int: 13    God:
Gold:   87         SH:  0    Dex: 13    Spells: 8/8 levels left

rFire   . . .      SeeInvis .   Y - +0 hand axe (freeze)
rCold   . . .      Faith    .   (no shield)
rNeg    . . .      Spirit   .   k - +0 chain mail {rPois}
rPois   +          Reflect  .   (helmet restricted)
rElec   .          Harm     .   (no cloak)
rCorr   .          Rampage  .   (no gloves)
Will    .....                   (boots unavailable)
Stlth   ..........              (no amulet)
HPRegen 0.10/turn               (no ring)
MPRegen 0.11/turn               (no ring)

@: about to teleport, flying quickly and evasively, quick
A: beak, talons 3, nimble flight
a: no special abilities


You were on level 3 of the Dungeon.
You visited 1 branch of the dungeon, and saw 3 of its levels.

You collected 87 gold pieces.


Innate Abilities, Weirdness & Mutations

You have a beak for a mouth.
You have claws for feet.
Your magical nature lets you fly swiftly and evasively.


   Skills:
 - Level 2.0 Fighting
 + Level 5.6 Axes
 - Level 1.0 Throwing
 - Level 1.1 Armour
 - Level 2.1 Dodging
 - Level 2.0 Spellcasting
 - Level 2.4 Translocations


You had 8 spell levels left.
You didn't know any spells.
Your spell library contained the following spells:

 Spells                   Type           Power      Damage    Failure   Level
 Blink                    Tloc           14%        N/A       99%         2
 Gell's Gravitas          Tloc           7%         N/A       100%        3
 Lesser Beckoning         Tloc           7%         N/A       100%        3
 Teleport Other           Tloc           7%         N/A       100%        3
 Manifold Assault         Tloc           7%         N/A       100%        5

Inventory:

Hand Weapons
 h - a +0 whip
 Y - a +0 hand axe of freezing (weapon)
Missiles
 l - 4 boomerangs (quivered)
Armour
 k - a +0 chain mail of poison resistance (worn)
Jewellery
 c - an amulet of reflection
 f - a ring of fire
Scrolls
 a - a scroll of immolation {unknown}
 e - a scroll of enchant armour
Potions
 d - 2 potions of brilliance {unknown}
 g - a potion of lignification {unknown}
 i - a potion of attraction {unknown}
 j - a potion of curing {unknown}
 m - a potion of cancellation {unknown}
 n - a potion of resistance {unknown}

Dungeon Overview and Level Annotations

Branches:
Dungeon (3/15)

Altars:
Uskayaw


Message History

The goblin hits you with a +0 dagger. x2; The goblin hits you with a +0 club.
Robin barely misses you.
You barely miss Robin. You claw Robin.
Robin is almost dead.
You hit the goblin. You freeze the goblin.
You kill the goblin!
You hit the goblin. You freeze the goblin.
You kill the goblin!
You hit the goblin but do no damage.
Robin says, "Feeling lonely?"
Robin roars a battlecry!
The goblins go into a battle-frenzy!
The goblin hits you but does no damage.
You hit Robin but do no damage. Your kick misses Robin.
Robin is almost dead.
You barely miss the goblin. Robin hits you with a +0 spear.
The goblin hits you but does no damage.
You hit Robin. You freeze Robin.
You kill Robin!
You closely miss the goblin. You barely miss the goblin.
The goblin hits you but does no damage. The goblin barely misses you.
You have reached level 5!
Your magical nature develops, letting you fly swiftly and evasively.
You closely miss the goblin. You claw the goblin.
You kill the goblin!
You hit the goblin. You freeze the goblin. You hit the goblin.
You freeze the goblin.
You kill the goblin!
The goblin hits you with a +0 dagger.
You barely miss the goblin. Your kick misses the goblin.
Your peck misses the goblin.
The goblin is heavily wounded.
You hit the goblin. You freeze the goblin. You closely miss the goblin.
The goblin hits you but does no damage. The goblin hits you with a +0 dagger.
The goblin hits you with a +0 club.
1714 ||| READING scroll of teleportation.
As you read the scroll of teleportation, it crumbles to dust.
You feel strangely unstable.
The goblin hits you but does no damage. x2; The goblin hits you with a +0 club.
You die...

#... .#... .#.# ###...##
....#..## .#######
##..##...# .......####..#
#.#.#
#.........###)#.######
####.#######..##@#.......
.....# ##..ggg#
####.###########..).....g
#((#.......... ##.##.....
#..#..#######. #.# ....
#..#..###### #.# ...
####.......# ..# ..
.....#####.#####..# . .
.......###.....####...


You could see 3 goblins.

Vanquished Creatures
  A jelly (D:3)
  Robin (D:3)
  2 adders (D:3)
  A worm (D:2)
  2 dart slugs
  4 ball pythons
  4 bats
  5 endoplasms
  2 giant cockroaches
  13 goblins
  7 hobgoblins
  4 kobolds
  A quokka (D:2)
  6 frilled lizards
  6 rats
59 creatures vanquished.

Notes
Turn   | Place    | Note
-------+----------+-------------------------------------------
     0 | D:1      | qw the Tengu Warper began the quest for the Orb.
     0 | D:1      | Reached XP level 1. HP: 12/12 MP: 4/4
     0 | D:1      | 0 ||| qw: Version: 0.1-a-89-g26bdef1
     0 | D:1      | 0 ||| qw: Game counter: 2220
     0 | D:1      | 0 ||| qw: Always use a shield: true
     0 | D:1      | 0 ||| qw: God list: Okawaru
     0 | D:1      | 0 ||| qw: Allow faded altars: false
     0 | D:1      | 0 ||| qw: Do Orc after D:15 true
     0 | D:1      | 0 ||| qw: Do second Lair branch before Depths: true
     0 | D:1      | 0 ||| qw: Lair rune preference: random
     0 | D:1      | 0 ||| qw: Plans: Normal
     0 | D:1      | 0 ||| PLANNING D:1-11
   293 | D:1      | Reached skill level 3 in Axes
   293 | D:1      | Reached XP level 2. HP: 9/17 MP: 6/6
   498 | D:1      | 498 ||| Stepping ~*~*~tactically~*~*~ (stealth).
   510 | D:1      | 510 ||| Stepping ~*~*~tactically~*~*~ (stealth).
   511 | D:1      | 511 ||| Stepping ~*~*~tactically~*~*~ (stealth).
   563 | D:1      | Found a faded altar of an unknown god.
   819 | D:1      | 819 ||| READING scroll labelled QAAZ SACKAL.
   820 | D:1      | 820 ||| DROPPING scroll of blinking.
   850 | D:2      | Reached XP level 3. HP: 21/21 MP: 7/7
   868 | D:2      | Identified the +0 chain mail "Waps" {-Tele +Inv Int+5}
   952 | D:2      | 952 ||| Stepping ~*~*~tactically~*~*~ (stealth).
   954 | D:2      | 954 ||| Stepping ~*~*~tactically~*~*~ (stealth).
   964 | D:2      | Reached skill level 4 in Axes
   965 | D:2      | 965 ||| Stepping ~*~*~tactically~*~*~ (stealth).
   967 | D:2      | 967 ||| Stepping ~*~*~tactically~*~*~ (stealth).
   975 | D:2      | 975 ||| FLEEEEING.
   976 | D:2      | 976 ||| FLEEEEING.
   977 | D:2      | 977 ||| FLEEEEING.
   978 | D:2      | 978 ||| STAIRDANCE
  1043 | D:1      | 1043 ||| READING scroll labelled VICSAUNODD.
  1483 | D:2      | 1483 ||| Stepping ~*~*~tactically~*~*~ (stealth).
  1507 | D:2      | 1507 ||| DROPPING +0 chain mail "Waps" {-Tele +Inv Int+5}.
  1508 | D:2      | 1508 ||| UPGRADING to +0 scale mail.
  1518 | D:2      | 1518 ||| DROPPING +0 leather armour.
  1519 | D:2      | 1519 ||| UPGRADING to +0 chain mail of poison resistance.
  1529 | D:2      | 1529 ||| DROPPING +0 scale mail.
  1530 | D:2      | 1530 ||| READING scroll labelled VOSHAM GOUMIKH.
  1566 | D:3      | Reached XP level 4. HP: 26/26 MP: 8/8
  1584 | D:3      | Reached skill level 5 in Axes
  1586 | D:3      | 1586 ||| Stepping ~*~*~tactically~*~*~ (stealth).
  1619 | D:3      | Noticed a +0 dagger
  1619 | D:3      | Noticed a +0 dagger
  1620 | D:3      | Found a hide-covered altar of Uskayaw.
  1656 | D:3      | 1656 ||| Stepping ~*~*~tactically~*~*~ (stealth).
  1690 | D:3      | Noticed Robin
  1691 | D:3      | 1691 ||| Stepping ~*~*~tactically~*~*~ (hiding).
  1693 | D:3      | 1693 ||| Stepping ~*~*~tactically~*~*~ (hiding).
  1711 | D:3      | Killed Robin
  1712 | D:3      | Gained mutation: Your magical nature lets you fly swiftly
                  | and evasively. [Tengu growth]
  1712 | D:3      | Reached XP level 5. HP: 10/30 MP: 9/9
  1713 | D:3      | HP: 7/30 [goblin/+0 dagger[Robin] (1)]
  1714 | D:3      | 1714 ||| READING scroll of teleportation.
  1714 | D:3      | Slain by a goblin

Levels and vault maps discovered:
D:1:      co_arrival_square_in_a_square_in_a_square, layout_basic,
          dreamdust_ecumenical_altar_grove
D:2:      layout_rooms
D:3:      layout_rooms, dancing_weapons_uskayaw,
          mainiacjoe_overflow_small_starburst, lemuel_doored_altar,
          mainiacjoe_overflow_paths, minmay_fractal_squares_diagonal_5,
          uniq_grinder, uniq_robin

Skill      XL: |  1  2  3  4 |
---------------+-------------+-----
Axes           | 3 4 5 |  5.6
Fighting       | |  2.0
Throwing       | |  1.0
Armour         | |  1.1
Dodging        | |  2.1
Spellcasting   | |  2.0
Translocations | |  2.4

Action                   |  1- 3 |  4- 6 || total
-------------------------+-------+-------++-------
Melee: Hand axe          |    69 |    31 ||   100
       Kick              |     7 |     8 ||    15
       Peck              |     6 |     6 ||    12
       Punch             |     1 |       ||     1
Throw: Boomerang         |    13 |     9 ||    22
  Use: Scroll            |     3 |     1 ||     4
Armor: Leather armour    |    10 |       ||    10
       Chain mail        |     3 |    35 ||    38
Dodge: Dodged            |    32 |     9 ||    41

Table legend:
 A = Non-vault XP
 B = Vault XP
 C = Vault XP percentage of total XP
 D = Non-vault monster count
 E = Vault monster count
 F = Vault count percentage of total count
                 A         B        C        D         E       F
            +---------+---------+-------+---------+---------+-------
      Total |     146 |      33 |  18.4 |      49 |      10 |  16.9
            +---------+---------+-------+---------+---------+-------
        D:1 |      33 |       0 |   0.0 |      19 |       0 |   0.0
        D:2 |      32 |       0 |   0.0 |      19 |       0 |   0.0
        D:3 |      81 |      33 |  28.9 |      11 |      10 |  47.6
            +---------+---------+-------+---------+---------+-------
